Map: Abyssal Reef LE

Players

Stats - Winner!

  • Race: Protoss Protoss
  • Spawn Location: 11:00

Dark

  • Race: Zerg Zerg
  • Spawn Location: 5:00

Event: IEM XI Katowice - World Championship 2017

VOD

Have the link to the VOD?

Description

Time

  • Played on: March 5, 2017, 8:29 a.m.
  • Length: 15:54

All games in this series

Show
View Real Time Build Order
Export as new Build Order

Stats Protoss - Winner!

Build Orders: Nexus First, Oracle Opening 

Get SALT Encoding   

  12  0:00  Probe (Chrono Boost)  
  13  0:11  Probe (Chrono Boost)  
  14  0:18  Pylon  
  14  0:22  Probe (Chrono Boost)  
  15  0:36  Probe (Chrono Boost)  
  16  0:47  Probe (Chrono Boost)  
  17  0:57  Nexus  
  17  1:08  Gateway  
  17  1:11  Probe (Chrono Boost)  
  18  1:15  Assimilator  
  18  1:21  Probe (Chrono Boost)  
  18  1:24  Assimilator  
  19  1:32  Probe (Chrono Boost)  
  20  1:34  Pylon  
  20  1:42  Probe (Chrono Boost)  
  21  1:53  Probe (Chrono Boost)  
  22  1:54  Cybernetics Core  
  22  2:03  Zealot, Probe (Chrono Boost)  
  25  2:10  Probe (Chrono Boost)  
  25  2:14  Probe (Chrono Boost)  
  27  2:20  Probe (Chrono Boost)  
  28  2:25  Probe (Chrono Boost)  
  28  2:27  Stalker  
  29  2:31  Warp Gate, Probe (Chrono Boost)  
  33  2:37  Probe (Chrono Boost)  
  33  2:40  Stargate  
  33  2:42  Probe (Chrono Boost)  
  34  2:49  Probe (Chrono Boost)  
  35  2:52  Probe (Chrono Boost)  
  35  2:56  Adept  
  38  3:00  Probe (Chrono Boost)  
  38  3:03  Probe (Chrono Boost)  
  40  3:10  Pylon, Probe (Chrono Boost)  
  41  3:13  Probe (Chrono Boost)  
  41  3:17  Assimilator  
  42  3:20  Gateway  
  42  3:21  Oracle, Gateway  
  45  3:28  Probe (Chrono Boost)  
  45  3:32  Probe (Chrono Boost)  
  47  3:36  Twilight Council  
  47  3:44  Probe x2 (Chrono Boost)  
  49  3:51  Pylon  
  49  3:52  Oracle  
  49  3:55  Probe (Chrono Boost)  
  51  3:56  Probe (Chrono Boost)  
  51  4:00  Resonating Glaives, Assimilator  
  56  4:11  Probe x2 (Chrono Boost)  
  56  4:17  Pylon  
  56  4:23  Probe (Chrono Boost)  
  59  4:24  Mothership Core (Chrono Boost)  
  59  4:28  Pylon  
  59  4:31  Void Ray  
  59  4:33  Adept  
  65  4:43  Nexus  
  65  4:49  Adept x2  
  69  4:52  Pylon  
  69  4:54  Adept  
  69  4:58  Probe x2 (Chrono Boost)  
  73  5:05  Pylon  
  73  5:10  Probe x2 (Chrono Boost)  
  73  5:12  Adept  
  73  5:13  Adept  
  79  5:15  Adept  
  81  5:28  Probe x2 (Chrono Boost)  
  86  5:32  Robotics Facility  
  86  5:36  Adept x2  
  86  5:38  Adept  
  86  5:40  Probe (Chrono Boost)  
  94  5:50  Probe (Chrono Boost)  
  94  5:53  Probe (Chrono Boost)  
  94  5:54  Pylon  
  92  5:59  Sentry x3  
  92  6:02  Probe (Chrono Boost)  
  100  6:05  Probe (Chrono Boost)  
  100  6:06  Forge  
  94  6:22  Sentry  
  94  6:23  Sentry x2, Immortal  
  94  6:24  Pylon  
  86  6:45  Pylon  
  78  6:47  Pylon  
  78  6:48  Protoss Ground Weapons Level 1  
  78  6:49  Pylon  
  78  6:51  Pylon, Adept  
  78  6:55  Gateway x2  
  78  6:57  Gateway  
  78  6:58  Gateway  
  74  7:02  Gateway, Warp Prism  
  76  7:13  Adept x3  
  82  7:31  Nexus  
  82  7:33  Pylon  
  82  7:39  Adept x2  
  82  7:40  Adept  
  82  7:42  Observer  
  89  7:57  Zealot  
  91  8:01  Pylon  
  91  8:04  Adept  
  91  8:05  Adept x6  
  105  8:08  Templar Archives  
  105  8:20  Adept  
  105  8:26  Zealot  
  105  8:27  Zealot x3  
  104  8:45  Probe x2 (Chrono Boost)  
  104  8:47  High Templar x2  
  104  8:48  High Templar x2  
  114  8:49  High Templar x2  
  114  8:53  Archon x2  
  114  8:54  Archon  
  114  8:55  Adept x2  
  122  9:07  Assimilator, Photon Cannon  
  122  9:08  Assimilator  
  122  9:15  Probe (Chrono Boost)  
  122  9:17  Probe x2 (Chrono Boost)  
  125  9:18  Pylon  
  125  9:28  Probe (Chrono Boost)  
  128  9:31  Probe x2 (Chrono Boost)  
  128  9:34  High Templar x2  
  128  9:37  Adept x4  
  140  9:40  Pylon, Archon  
  140  9:41  Pylon  
  140  9:43  Pylon  
  136  10:03  High Templar x2, Adept x4  
  128  10:08  Archon  
  128  10:09  Adept x2  
  102  10:22  Immortal  
  102  10:30  High Templar x2  
  102  10:31  Adept x2  
  102  10:32  Adept x2  
  102  10:35  Adept x2, Archon  
  90  10:57  High Templar x2, Adept x3  
  90  10:58  Adept  
  90  11:02  Archon  
  90  11:03  Adept x2  
  96  11:14  Immortal  
  86  11:25  Adept x6  
  94  11:30  Adept x2  
  90  11:45  Nexus  
  86  11:51  High Templar x2  
  86  11:52  High Templar, Adept x5  
  102  11:58  Archon  
  102  11:59  Immortal  
  102  12:00  Protoss Ground Weapons Level 2  
  106  12:16  High Templar  
  108  12:23  Archon  
  108  12:27  Probe x3 (Chrono Boost)  
  111  12:39  Stalker x6  
  127  12:52  Pylon  
  127  12:56  Warp Prism  
  127  12:57  Pylon  
  127  13:00  Pylon  
  127  13:04  Charge  
  117  13:06  High Templar  
  117  13:07  High Templar  
  117  13:11  Archon  
  117  13:12  Stalker x3  
  127  13:31  Assimilator  
  127  13:32  Assimilator, Immortal  
  131  13:34  Probe (Chrono Boost)  
  131  13:35  Probe x2 (Chrono Boost)  
  131  13:36  Probe (Chrono Boost)  
  135  13:46  Photon Cannon  
  135  13:55  Psionic Storm  
  135  13:56  Zealot x6, High Templar x2  
  151  14:17  High Templar x3  
  151  14:18  Zealot x3  
  151  14:19  Immortal  
  167  14:37  Pylon  
  167  15:11  Zealot x2  
  167  15:12  Zealot x6  
  183  15:37  Zealot x7  
  183  15:38  Zealot  
Show
View Real Time Build Order
Export as new Build Order

Dark Zerg 

Build Orders: Hatch First 

Get SALT Encoding   

  12  0:00  Drone  
  13  0:12  Overlord  
  13  0:17  Drone  
  14  0:31  Drone x2  
  14  0:35  Drone  
  17  0:52  Hatchery  
  17  0:56  Drone  
  17  0:59  Drone  
  18  1:07  Extractor  
  17  1:14  Spawning Pool  
  17  1:15  Drone  
  17  1:22  Drone  
  18  1:28  Drone  
  19  1:40  Drone  
  20  1:48  Hatchery  
  19  2:00  Drone  
  20  2:02  Zergling x2  
  20  2:04  Queen  
  23  2:11  Metabolic Boost  
  23  2:15  Drone  
  24  2:19  Drone  
  25  2:23  Drone  
  26  2:30  Overlord  
  26  2:32  Drone  
  26  2:35  Drone  
  28  2:48  Queen  
  28  2:51  Pneumatized Carapace  
  30  2:52  Drone  
  30  2:57  Drone x2  
  33  2:59  Drone  
  33  3:02  Drone  
  35  3:07  Drone x2  
  36  3:15  Drone x2  
  36  3:17  Queen  
  40  3:22  Overlord  
  40  3:34  Evolution Chamber  
  39  3:36  Overlord  
  40  3:41  Drone x4  
  40  3:43  Queen  
  40  3:44  Drone x2  
  40  3:47  Drone  
  48  3:51  Spore Crawler  
  48  3:55  Spore Crawler, Drone  
  46  3:56  Drone  
  46  3:59  Zerg Melee Weapons Level 1  
  48  4:04  Baneling Nest  
  48  4:05  Spore Crawler  
  48  4:08  Extractor  
  45  4:12  Drone x2  
  45  4:16  Zergling x4  
  45  4:17  Zergling x4  
  51  4:21  Queen  
  51  4:23  Zergling x4  
  55  4:26  Drone  
  55  4:29  Drone  
  55  4:30  Overlord  
  57  4:36  Overlord  
  57  4:37  Overlord  
  57  4:43  Overlord  
  57  4:51  Drone x4  
  61  4:56  Queen  
  61  4:57  Drone x3  
  66  5:03  Zergling x12  
  72  5:11  Zergling x8  
  76  5:14  Overlord  
  76  5:16  Zergling x6  
  79  5:21  Zergling x4  
  79  5:24  Overlord  
  79  5:26  Overlord  
  81  5:29  Zergling x2  
  81  5:30  Overlord  
  81  5:32  Baneling x6  
  81  5:33  Baneling x2  
  81  5:35  Baneling x3  
  81  5:43  Zergling x6  
  81  5:47  Zergling x2, Baneling x5  
  81  5:48  Zergling x8  
  89  5:57  Zergling x4  
  91  6:07  Zergling x12  
  91  6:14  Zergling x12  
  89  6:19  Baneling x4  
  89  6:20  Zergling x2  
  89  6:21  Zergling x4  
  90  6:29  Zergling x4  
  90  6:32  Baneling x2  
  83  6:39  Drone  
  78  6:40  Drone x4  
  78  6:48  Queen  
  78  6:52  Overlord  
  76  6:54  Drone  
  76  6:57  Drone  
  74  7:11  Roach Warren  
  73  7:16  Drone x5  
  73  7:19  Drone  
  79  7:29  Spine Crawler  
  77  7:31  Spine Crawler  
  75  7:46  Extractor  
  74  7:52  Roach x5  
  74  7:53  Roach x2  
  74  7:55  Zergling x4  
  74  7:58  Baneling x3  
  90  8:03  Zergling x2  
  90  8:04  Zergling x12  
  97  8:11  Baneling x6  
  97  8:13  Ravager x2  
  97  8:16  Zergling x2  
  97  8:17  Zergling x6  
  102  8:33  Drone x7  
  93  8:48  Drone x3  
  93  8:50  Lair  
  96  8:57  Drone  
  96  8:58  Drone x3  
  98  9:03  Overlord  
  98  9:05  Drone  
  98  9:08  Drone x3  
  98  9:09  Drone x3  
  103  9:16  Ravager x2  
  105  9:17  Overlord  
  105  9:22  Overlord  
  105  9:23  Extractor, Drone x3  
  107  9:30  Extractor  
  106  9:32  Drone x2  
  106  9:34  Extractor  
  106  9:36  Hatchery, Baneling x2  
  106  9:37  Baneling x7  
  106  9:38  Ravager  
  105  9:39  Roach x4  
  106  9:56  Roach x2  
  103  10:04  Roach x2  
  103  10:05  Zergling x14  
  106  10:08  Roach  
  106  10:09  Roach  
  106  10:11  Roach  
  106  10:12  Roach  
  109  10:20  Roach x3  
  103  10:23  Zergling x2, Baneling x3  
  103  10:25  Roach  
  87  10:29  Roach  
  87  10:32  Roach  
  83  10:37  Roach x2  
  83  10:40  Roach  
  80  10:43  Zergling x2  
  80  10:44  Zergling x4  
  80  10:46  Zergling x2  
  80  10:48  Zergling x10  
  76  10:52  Ravager  
  75  11:11  Roach x3  
  74  11:12  Zergling x4  
  74  11:13  Zergling x2  
  69  11:20  Zergling x8  
  57  11:36  Roach x3  
  57  11:39  Queen x2, Roach x3  
  68  11:41  Roach x2  
  68  11:42  Roach x2  
  68  11:43  Glial Reconstitution  
  74  11:53  Drone  
  75  11:55  Drone x2  
  73  12:08  Spore Crawler  
  73  12:13  Queen  
  73  12:15  Drone x6  
  78  12:25  Drone x3  
  78  12:28  Ravager x3  
  84  12:34  Drone  
  78  12:45  Hatchery  
  78  12:47  Drone x4  
  78  12:50  Drone  
  80  12:57  Drone x4  
  84  13:01  Spore Crawler  
  83  13:10  Ravager x5  
  83  13:11  Ravager x3  
  91  13:15  Roach  
  91  13:17  Roach  
  97  13:20  Roach  
  97  13:26  Roach x2  
  98  13:31  Roach x3  
  98  13:34  Roach  
  106  13:38  Roach x2  
  110  13:41  Ravager  
  110  13:42  Ravager  
  110  13:43  Roach  
  110  13:45  Drone  
  110  13:46  Drone  
  116  13:55  Zergling x8  
  120  13:58  Roach x2  
  124  14:09  Drone x2  
  127  14:10  Drone x2  
  127  14:11  Overlord  
  128  14:17  Centrifical Hooks  
  128  14:23  Overlord, Extractor  
  127  14:28  Overlord  
  127  14:30  Baneling x8  
  127  14:31  Zergling x4  
  129  14:38  Zergling x10  
  132  14:42  Spore Crawler  
  132  14:43  Zergling x2  
  134  14:47  Zergling x8  
  134  14:50  Overseer  
  137  14:57  Zergling x2  
  137  14:58  Zergling x6  
  139  15:04  Zergling x6  
  142  15:13  Zergling x4  
  144  15:25  Baneling x2  
  144  15:26  Zergling x12  
  150  15:30  Baneling  

Tags
 
Add a new tag
Caveats
  • Supply blocks, unpowered buildings, or Contaminate may cause inaccurate times.
  • Supply counts are checked every 10 seconds.